 Dungeon Crawl Stone Soup version 0.25.1-8-g42b30a86e7 (webtiles) character file.

Game seed: 6025954462763964442

12641 funkygono the Destroyer (level 11, -6/88 HPs)
             Began as a Green Draconian Conjurer on Dec 16, 2020.
             Was a Priest of Sif Muna.
             Mangled by a polar bear (18 damage)
             ... on level 3 of the Lair of Beasts.
             The game lasted 00:30:31 (16986 turns).

funkygono the Destroyer (Green Draconian Conjurer) Turns: 16986, Time: 00:30:31

Health: -6/88      AC: 16    Str: 12    XL:     11   Next: 65%
Magic:  18/24      EV: 15    Int: 17    God:    Sif Muna [***...]
Gold:   830        SH:  0    Dex: 12    Spells: 21/29 levels left

rFire    + . .     SeeInvis +   J - +6 mace of Ahoacuno {holy, SInv Stlth+}
rCold    . . .     Gourm    .   (no shield)
rNeg     . . .     Faith    .   (armour unavailable)
rPois    +         Spirit   .   H - +2 hat
rElec    .         Reflect  .   d - +2 cloak
rCorr    .         Harm     .   (no gloves)
MR       .....                  (no boots)
Stlth    +++.......             (no amulet)
HPRegen  0.24/turn              I - +4 ring of protection
MPRegen  0.19/turn              O - ring of protection from fire

@: no status effects
A: breathe noxious fumes, unfitting armour, poison resistance, cold-blooded, AC
+7
a: Breathe Noxious Fumes, Channel Magic, Forget Spell, Renounce Religion


You were on level 3 of the Lair of Beasts.
You worshipped Sif Muna.
Sif Muna was most pleased with you.
You were hungry.

You visited 3 branches of the dungeon, and saw 14 of its levels.

You collected 830 gold pieces.

Inventory:

Hand Weapons
 B - a +2 quarterstaff of chaos
 D - a +1 flail of protection
 J - the +6 mace of Ahoacuno (weapon) {holy, SInv Stlth+}
   (You found it on level 8 of the Dungeon)

   It has been blessed by the Shining One to cause great damage to the undead
   and demons.
   It lets you see invisible.
   It makes you more stealthy.
 M - a +1 vorpal flail
Missiles
 c - 329 stones (quivered)
Armour
 d - a +2 cloak (worn)
 y - a +0 buckler
 H - a +2 hat (worn)
Magical Staves
 p - an uncursed staff of energy
 N - an uncursed staff of summoning
Jewellery
 r - an uncursed ring of resist corrosion
 I - a +4 ring of protection (left hand)
 O - a ring of protection from fire (right hand)
Wands
 j - a wand of acid (17)
 m - a wand of polymorph (17)
 n - a wand of flame (41)
 u - a wand of enslavement (9)
 z - a wand of random effects (17)
 C - a wand of digging (5)
Scrolls
 f - a scroll of enchant armour
 i - 2 scrolls of teleportation
 l - 3 scrolls of remove curse
 o - 5 scrolls of magic mapping
 x - a scroll of amnesia
 E - 2 scrolls of immolation
 K - a scroll of fear
 L - 3 scrolls of blinking
Potions
 e - a potion of brilliance {unknown}
 g - 3 potions of mutation
 h - 4 potions of flight
 k - 2 potions of curing
 q - 2 potions of stabbing
 s - 2 potions of cancellation
 t - 2 potions of resistance
 v - 2 potions of lignification
 A - a potion of might
 F - 3 potions of haste
 G - a potion of ambrosia
Comestibles
 b - 27 rations


   Skills:
 + Level 5.4 Fighting
 + Level 6.6(7.0) Maces & Flails
 + Level 3.4(5.5) Staves
 + Level 6.5 Dodging
 - Level 1.7 Stealth
 + Level 9.7 Spellcasting
 + Level 11.3 Conjurations
 + Level 1.4 Evocations


You had 21 spell levels left.
You knew the following spells:

 Your Spells              Type           Power        Failure   Level  Hunger
a - Magic Dart            Conj           ####         1%          1    None
b - Searing Ray           Conj           #####.       1%          2    None
c - Bolt of Magma         Conj/Fire/Erth ###.......   45%         5    #####..

Your spell library contained the following spells:

 Spells                   Type           Power        Failure   Level  Hunger
 Dazzling Flash           Conj/Hex       ####..       2%          3    None
 Beastly Appendage        Tmut           #.....       9%          1    None
 Fulminant Prism          Conj/Hex       ####......   9%          4    ###....
 Iskenderun's Mystic Bla  Conj/Tloc      ####....     9%          4    ###....
 Sticks to Snakes         Tmut           #.......     13%         2    None
 Iskenderun's Battlesphe  Conj/Chrm      ####....     24%         5    #####..
 Confusing Touch          Hex            #.......     26%         3    None
 Gell's Gravitas          Tloc           #.........   26%         3    None
 Recall                   Summ/Tloc      N/A          26%         3    None
 Spider Form              Tmut/Pois      #.........   26%         3    None
 Orb of Destruction       Conj           #####.....   56%         7    #######
 Animate Dead             Necr           N/A          65%         4    ###....
 Cause Fear               Hex            #.........   65%         4    ###....
 Ice Form                 Ice/Tmut       #.......     65%         4    ###....
 Petrify                  Tmut/Erth      #.......     65%         4    ###....
 Iron Shot                Conj/Erth      ####......   78%         6    ######.
 Blade Hands              Tmut           #.........   94%         5    #####..
 Borgnjor's Vile Clutch   Necr/Erth      #.........   94%         5    #####..
 Metabolic Englaciation   Hex/Ice        #.........   94%         5    #####..
 Silence                  Hex/Air        #.........   94%         5    #####..
 Yara's Violent Unravell  Hex/Tmut       #.........   94%         5    #####..
 Death Channel            Necr           #.........   100%        6    ######.
 Simulacrum               Ice/Necr       #.........   100%        6    ######.
 Spellforged Servitor     Conj/Summ      ####......   100%        7    #######
 Discord                  Hex            #.........   100%        8    #######


Dungeon Overview and Level Annotations

Branches:
Dungeon (9/15)             Temple (1/1) D:6            Lair (4/6) D:9
 Shoals (0/4) Lair:3        Snake (0/4) Lair:3
    Orc: D:9-12

Altars:
Ashenzari
Cheibriados
Dithmenos
Elyvilon
Fedhas
Gozag
Hepliaklqana
Kikubaaqudgha
Makhleb
Nemelex Xobeh
Okawaru
Qazlal
Ru
Sif Muna
Trog
Uskayaw
Vehumet
Wu Jian
Xom
Yredelemnul
Zin

Shops:
D:5 (   D:9 %

Annotations:
D:9 1 runed translucent door, SamuraiZach's ghost, novice DrFi
Lair:2 1 runed translucent door, Diakkuas's ghost, journeyman DDFi
Lair:3 exclusion: 4 oklob plants


Innate Abilities, Weirdness & Mutations

You can breathe blasts of noxious fumes.
Your lurid green scales are hard. (AC +7)
You cannot fit into any form of body armour.
Your system is resistant to poisons. (rPois)
You are cold-blooded and may be slowed by cold attacks.


Message History

Level annotation: exclusion: 4 oklob plants
There is a stone staircase leading down here.
You can't go up here!
Unknown command.
The bullfrog hits you but does no damage.
The bullfrog hits you.
* * * LOW HITPOINT WARNING * * *
The polar bear misses you. x2
The polar bear claws you but does no damage.
The bullfrog misses you. The bullfrog hits you!
* * * LOW HITPOINT WARNING * * *
The bullfrog hits you but does no damage.
The polar bear barely misses you. The polar bear completely misses you.
The polar bear barely misses you.
The bullfrog hits you but does no damage.
The bullfrog hits you.
* * * LOW HITPOINT WARNING * * *
The polar bear bites you!!
You die...

...##...........##...#P.....P....
...##...#..P..#.##...##.....#....
..###.......###.##....###.#.#....
..##...................####......
P..##............................
.................................
P.P...............#....###..P.#.#
.................####.## ##...###
P.P.......######@## ### #....#
...........###.#Fh## #..P##
P........<##....F..#### #...#
.##.......##........P.######.##
###........#....#....[..#....####
###..........>..####....P#...P##.
................## ###P..........
#.........#......# #..#...P.....
.#P.......##....## ####...>.##..


You could see a polar bear (berserk) and 2 bullfrogs.

Vanquished Creatures
  3 black mambas (Lair:3)
  3 spiny frogs
  A rime drake (Lair:3)
  Prince Ribbit (D:6)
  A snapping turtle (Lair:3)
  3 blink frogs (Lair:1)
  Sigmund (D:2)
  3 yaks (Lair:2)
  A human (D:7)
  4 hogs (D:7)
  A hungry ghost (D:9)
  Grum (Lair:1)
  Edmund (D:6)
  2 wargs (D:9)
  13 water moccasins
  6 porcupines
  2 orc warriors
  2 sky beasts
  A black bear (Lair:3)
  5 ogres
  16 wolves
  6 centaurs
  7 crocodiles
  10 bullfrogs
  A scorpion (D:4)
  A wyvern skeleton (D:7)
  5 killer bees (D:7)
  3 wights (D:8)
  3 howler monkeys
  3 electric eels
  4 crimson imps
  3 jellies
  A quasit (D:7)
  2 centaur zombies
  3 hounds
  Crazy Yiuf (D:7)
  7 orc priests
  A bullfrog skeleton (D:6)
  5 iguanas
  4 worker ants
  4 orc wizards
  Terence (D:2)
  A hound zombie (D:6)
  A worker ant zombie (D:5)
  12 adders
  10 oozes
  An adder skeleton (D:4)
  4 worms
  3 dart slugs
  5 leopard geckos
  20 orcs
  A ball python (D:1)
  3 giant cockroaches
  5 goblins
  8 hobgoblins
  17 jackals
  5 quokkas
  A ball python skeleton (D:4)
  9 bats
  7 frilled lizards
  A jackal skeleton (D:5)
  12 kobolds
  A leopard gecko skeleton (D:5)
  A leopard gecko zombie (D:5)
  A quokka skeleton (D:4)
  15 rats
290 creatures vanquished.

Vanquished Creatures (others)
  3 fungi
  2 plants (Lair:3)
  7 toadstools (D:3)
12 creatures vanquished.

Grand Total: 302 creatures vanquished

Notes
Turn   | Place    | Note
-------+----------+-------------------------------------------
     0 | D:1      | funkygono the Draconian Conjurer began the quest for the
                  | Orb.
     0 | D:1      | Reached XP level 1. HP: 14/14 MP: 3/3
   665 | D:1      | Reached XP level 2. HP: 15/20 MP: 0/5
  1115 | D:1      | Learned a level 2 spell: Searing Ray
  1797 | D:2      | Reached XP level 3. HP: 26/26 MP: 3/6
  2000 | D:2      | Reached skill level 5 in Conjurations
  2267 | D:2      | Found a shattered altar of Ashenzari.
  2294 | D:2      | Reached XP level 4. HP: 33/33 MP: 2/7
  2540 | D:2      | Noticed Sigmund
  2569 | D:2      | Killed Sigmund
  2569 | D:2      | Reached XP level 5. HP: 33/39 MP: 2/10
  2751 | D:2      | Noticed Terence
  2760 | D:2      | Killed Terence
  2760 | D:2      | Reached skill level 1 in Maces & Flails
  2967 | D:3      | Reached XP level 6. HP: 46/46 MP: 8/11
  3064 | D:3      | Reached skill level 6 in Conjurations
  3928 | D:3      | Reached skill level 1 in Fighting
  4187 | D:4      | Your scales start taking on a lurid green colour.
  4187 | D:4      | Reached XP level 7. HP: 52/52 MP: 7/13
  4187 | D:4      | Gained mutation: Your system is resistant to poisons.
                  | (rPois) [Green Draconian growth]
  4268 | D:4      | You fall into a shaft and drop 3 floors!
  4276 | D:7      | Reached skill level 5 in Spellcasting
  4291 | D:7      | Reached skill level 1 in Staves
  4300 | D:7      | Reached skill level 7 in Conjurations
  4578 | D:7      | Noticed a hog
  4578 | D:7      | Noticed a hog
  4578 | D:7      | Noticed a human
  4631 | D:7      | Reached XP level 8. HP: 54/59 MP: 9/16
  4823 | D:6      | Noticed Prince Ribbit
  4845 | D:6      | Killed Prince Ribbit
  4999 | D:6      | Found a staircase to the Ecumenical Temple.
  5019 | D:5      | Entered Level 5 of the Dungeon
  5710 | D:4      | Reached skill level 8 in Conjurations
  5758 | D:4      | Found an ancient bone altar of Kikubaaqudgha.
  6371 | D:5      | Found Hovorph's Antique Weapon Shoppe.
  6987 | Temple   | Entered the Ecumenical Temple
  7015 | Temple   | Became a worshipper of Sif Muna the Loreminder
  7219 | D:7      | Reached XP level 9. HP: 42/67 MP: 14/19
  7460 | D:7      | Found a runed translucent door.
  7461 | D:7      | Noticed Crazy Yiuf
  7468 | D:7      | Killed Crazy Yiuf
  7671 | D:7      | Reached skill level 9 in Conjurations
  8164 | D:6      | Noticed Edmund
  8176 | D:6      | Killed Edmund
  8394 | D:6      | Found a sparkling altar of Nemelex Xobeh.
  9104 | D:8      | Reached * piety under Sif Muna
  9606 | D:8      | Found a hazy altar of Hepliaklqana.
  9606 | D:8      | Found an iron altar of Okawaru.
  9881 | D:8      | Got a translucent mace
  9882 | D:8      | Identified the +6 mace of Ahoacuno {holy, SInv Stlth+} (You
                  | found it on level 8 of the Dungeon)
 10033 | D:9      | Reached XP level 10. HP: 66/75 MP: 16/22
 10152 | D:9      | Found an ornate altar of the Wu Jian Council.
 10157 | D:9      | Reached skill level 10 in Conjurations
 10363 | D:9      | Found a staircase to the Lair.
 10381 | D:9      | Reached skill level 5 in Dodging
 10390 | D:9      | Reached ** piety under Sif Muna
 10654 | D:9      | Found a hide-covered altar of Uskayaw.
 10654 | D:9      | Found a basalt altar of Yredelemnul.
 10655 | D:9      | Found a snail-covered altar of Cheibriados.
 10720 | D:9      | Found a runed translucent door.
 10720 | D:9      | Noticed SamuraiZach's ghost (novice DrFi)
 10720 | D:9      | Noticed a manticore
 10909 | D:9      | Found Tatis's Food Boutique.
 11208 | D:9      | Noticed a moth of wrath
 11211 | D:9      | Found a bloodstained altar of Trog.
 11317 | Lair:1   | Entered Level 1 of the Lair of Beasts
 12270 | Lair:1   | Noticed Grum
 12281 | Lair:1   | Killed Grum
 12289 | Lair:1   | You fall into a shaft and drop 1 floor!
 13110 | Lair:2   | Noticed a spiny frog
 13119 | Lair:2   | Killed a spiny frog
 13119 | Lair:2   | Reached skill level 5 in Maces & Flails
 13728 | Lair:2   | Noticed a spiny frog
 13748 | Lair:2   | HP: 2/80 [spiny frog (16)]
 13749 | Lair:2   | Killed a spiny frog
 13749 | Lair:2   | Reached XP level 11. HP: 2/85 MP: 21/24
 13787 | Lair:2   | Found a runed translucent door.
 13787 | Lair:2   | Noticed a five-headed hydra
 13787 | Lair:2   | Noticed Diakkuas's ghost (journeyman DDFi)
 14127 | Lair:2   | Reached skill level 1 in Evocations
 15297 | Lair:3   | Reached *** piety under Sif Muna
 15302 | Lair:3   | Reached skill level 11 in Conjurations
 15322 | Lair:3   | Reached skill level 5 in Fighting
 15686 | Lair:3   | Noticed an oklob plant
 15687 | Lair:3   | Noticed an oklob plant
 15688 | Lair:3   | Noticed an oklob plant
 15690 | Lair:3   | Noticed an oklob plant
 15832 | Lair:3   | Found a staircase to the Snake Pit.
 16437 | Lair:3   | Found a staircase to the Shoals.
 16942 | Lair:3   | Learned a level 5 spell: Bolt of Magma
 16986 | Lair:3   | Mangled by a polar bear

Illustrated notes

Levels and vault maps discovered:
D:1:      scummos_arrival_simple_crosswalls, layout_basic
D:2:      layout_basic, evilmike_ruin_ashenzari, uniq_sigmund, uniq_terence
D:3:      cheibrodos_fertilizer, layout_rooms, first_ration
D:4:      layout_basic, kiku_gazebo_garden_becter
D:5:      layout_loops_corners, serial_shops,
          nicolae_shop_temple_entry_statues_fountains
D:6:      layout_rooms, nemelex_altar_shiori, minmay_temple_entry_arrows,
          kennysheep_cross_bottleneck, uniq_edmund, uniq_prince_ribbit1
D:7:      layout_loops_ring, grunt_livestock, uniq_crazy_yiuf_cottage
D:8:      layout_gridville, gammafunk_temple_overflow_elements
D:9:      layout_long_grid, gammafunk_temple_overflow_claw, lemuel_doored_altar,
          erik_lair_orcish_takeover, ebering_ghost_inner_flame, serial_shops,
          shop, tgw_trog
Temple:   cyrus_circular_temple
Lair:1:   layout_roguey, lightli_volcano_entry_magma_tube, uniq_grum
Lair:2:   wad_woods_pond, layout_regular_city, ebering_ghost_inner_flame
Lair:3:   layout_regular_city, minmay_shoals_entry_hut,
          minmay_snake_entry_six_corridors, serial_forest,
          infiniplex_forest_straight_3, infiniplex_forest_side_room,
          infiniplex_forest_clump_large, infiniplex_forest_clump_medium,
          infiniplex_forest_clump_cross, infiniplex_forest_clump_small,
          infiniplex_forest_lined_room_2, infiniplex_forest_lined_4_way,
          infiniplex_forest_straight_4, nicolae_quartered_pool_super,
          minmay_lair_oklob_chamber, lemuel_fruit_fields
Lair:4:   layout_cave_pods, grunt_megastairs_4, lemuel_fruit_fields

Skill      XL: |  1  2  3  4  5  6  7  8  9 10 11 |
---------------+----------------------------------+-----
Dodging        | 2 3 4 5 6 |  6.5
Conjurations   | 5 6 7 8 9 10 11 | 11.3
Spellcasting   | 3 4 5 6 8 9 |  9.7
Maces & Flails | 1 5 6 |  6.6
Fighting       | 1 2 4 5 |  5.4
Staves         | 1 3 |  3.4
Evocations     | 1 |  1.4
Stealth        | |  1.7

Action                   |  1- 3 |  4- 6 |  7- 9 | 10-12 || total
-------------------------+-------+-------+-------+-------++-------
Melee: Club              |    28 |       |       |       ||    28
       Tailslap          |     3 |     3 |    10 |     8 ||    24
       Flail             |    16 |     1 |       |       ||    17
       Unarmed           |       |    21 |       |       ||    21
       Staff             |       |    23 |    79 |       ||   102
       Mace              |       |       |    13 |   101 ||   114
 Cast: Magic Dart        |    54 |    57 |    82 |   100 ||   293
       Searing Ray       |     3 |    20 |    59 |    76 ||   158
 Abil: Breathe Noxious F |       |       |     2 |     2 ||     4
Evoke: Wand              |       |       |       |     1 ||     1
  Use: Scroll            |     2 |     9 |     7 |     4 ||    22
       Potion            |       |       |     2 |     4 ||     6
 Stab: Sleeping          |       |       |       |     1 ||     1
  Eat: Chunk             |     5 |     5 |    14 |    16 ||    40
       Ration            |       |       |     2 |     1 ||     3
Armor: Skin              |    35 |    12 |    71 |   101 ||   219
Dodge: Dodged            |    68 |    34 |   146 |   192 ||   440
